 Dungeon Crawl Stone Soup version 0.29.0-4-gdea44cf6ec (webtiles) character file.

Game seed: 7931417914122173044

11490 qw the Grappler (level 11, -6/105 HPs)
             Began as a Troll Cinder Acolyte on Sept 1, 2022.
             Was a Follower of Okawaru.
             Mangled by a ten-headed hydra (7 damage)
             ... on level 1 of the Lair of Beasts.
             The game lasted 00:05:36 (10734 turns).

qw the Grappler (Troll Cinder Acolyte)             Turns: 10734, Time: 00:05:36

Health: -6/105     AC: 12    Str: 28    XL:     11   Next: 50%
Magic:  9/11       EV: 13    Int: 10    God:    Okawaru [*.....]
Gold:   840        SH: 17    Dex:  5    Spells: 12/12 levels left

rFire   . . .      SeeInvis .     - Unarmed
rCold   + . .      Faith    .   h - +2 kite shield
rNeg    . . .      Spirit   .   q - +0 acid dragon scales
rPois   .          Reflect  +   (helmet restricted)
rElec   .          Harm     .   (no cloak)
rCorr   +          Rampage  .   (gloves unavailable)
Will    .....                   (boots unavailable)
Stlth   ++........              c - amulet of reflection
HPRegen 1.07/turn               e - +4 ring of evasion
MPRegen 0.12/turn               l - ring of protection from cold

@: about to teleport, heroic, fire susceptible
A: large, unfitting armour, claws 3, regeneration 1, shaggy fur 2, tough skin 1,
iridescent scales 1
a: Renounce Religion, Heroism


You were on level 1 of the Lair of Beasts.
You worshipped Okawaru.
Okawaru was aware of your devotion.
You visited 3 branches of the dungeon, and saw 13 of its levels.
You also visited: Ossuary.

You collected 840 gold pieces.


Innate Abilities, Weirdness & Mutations

You are too large for most types of armour.
You have claws for hands.
Your natural rate of healing is unusually fast.
You are covered in thick fur. (AC +2)
You have tough skin. (AC +1)
You are partially covered in iridescent scales. (AC +2)


   Skills:
 - Level 5.9(10.9) Fighting
 + Level 3.3(8.3) Throwing
 - Level 1.2(6.2) Armour
 - Level 1.0(6.0) Dodging
 - Level 8.0(13.0) Shields
 - Level 14.0(19.0) Unarmed Combat
 - Level 1.0 Spellcasting
 - Level 2.1 Fire Magic
 + Level 2.2 Invocations


You had 12 spell levels left.
You didn't know any spells.
Your spell library contained the following spells:

 Spells                   Type           Power      Damage    Failure   Level
 Scorch                   Fire           8%         2d5       38%         2

Inventory:

Missiles
 k - 3 javelins
 s - a large rock (quivered)
Armour
 h - a +2 kite shield (worn)
 q - +0 acid dragon scales (worn)
Jewellery
 c - an amulet of reflection (around neck)
 e - a +4 ring of evasion (left claw)
 l - a ring of protection from cold (right claw)
 o - a ring of protection from fire
Scrolls
 a - a scroll of enchant weapon
 d - 6 scrolls of teleportation
 i - 4 scrolls of identify
Potions
 b - 4 potions of cancellation
 f - a potion of haste
 g - 3 potions of heal wounds
 j - 7 potions of curing
 m - 2 potions of mutation
 n - a potion of might

Dungeon Overview and Level Annotations

Branches:
Dungeon (10/15)            Temple (1/1) D:5            Lair (2/5) D:10
Ossuary (visited)
  Swamp: Lair:2-3    Shoals: Lair:2-3     Snake: Lair:2-3    Spider: Lair:2-3
    Orc: D:9-12

Altars:
Ashenzari
Cheibriados
Gozag
Kikubaaqudgha
Nemelex Xobeh
Okawaru
Trog
Wu Jian
The Shining One

Annotations:
D:2 1 runed translucent door, Crazy Yiuf
D:10 3 runed translucent doors, qw's ghost, journeyman TrCA


Message History

You block the seven-headed hydra's attack.
The seven-headed hydra bites you but does no damage.
You rip one of the seven-headed hydra's heads off!
The six-headed hydra grows two more!
You mangle the eight-headed hydra!!
The eight-headed hydra is almost dead.
The wolf misses you. You block the wolf's attack. The wolf closely misses you.
The eight-headed hydra bites you.
The eight-headed hydra bites you but does no damage.
You block the eight-headed hydra's attack. x2
The eight-headed hydra bites you!
The eight-headed hydra bites you but does no damage.
The eight-headed hydra completely misses you.
The eight-headed hydra bites you but does no damage.
You rip one of the eight-headed hydra's heads off!
The seven-headed hydra grows two more!
You claw the nine-headed hydra!
The nine-headed hydra is almost dead.
You block the wolf's attack. x2; The wolf closely misses you.
You block the wolf's attack.
You rip one of the nine-headed hydra's heads off!
The eight-headed hydra grows two more!
You claw the ten-headed hydra!
The ten-headed hydra is almost dead.
The wolf bites you. You block the wolf's attack.
You block the ten-headed hydra's attack.
The ten-headed hydra bites you! The ten-headed hydra barely misses you.
The ten-headed hydra closely misses you.
You block the ten-headed hydra's attack.
The ten-headed hydra barely misses you.
The ten-headed hydra bites you but does no damage. x2
The ten-headed hydra bites you. The ten-headed hydra barely misses you.
You block the wolf's attack. The wolf barely misses you. x2
10734 ||| READING 7 scrolls of teleportation.
As you read the scroll of teleportation, it crumbles to dust.
You feel strangely unstable. You block the wolf's attack. The wolf bites you.
You block the wolf's attack.
You block the ten-headed hydra's attack. x2
The ten-headed hydra bites you. The ten-headed hydra barely misses you.
The ten-headed hydra bites you.
The ten-headed hydra bites you but does no damage.
The ten-headed hydra bites you!
You die...

#.......#....## ##.#...
##.....##...## #####....
#######...## #.!P####.
###......## #.[. ##
#........#### #:$
#..##....#.<###P#
##.#.##.##....##.##
###..##...D#....###.# ###
#P..####h@.#.....#.##
..######..#.###h.h.........#
.....##^....##...#........##
..##.#..#....#....#......##
......##....##....#.......#
....}..##...#...###.......#
........##.##...###.......#
.........##.....##.#.....##
....###.......######......###


You could see a ten-headed hydra and 3 wolves.

Vanquished Creatures
  A two-headed ogre (D:10)
  Maggie (D:6)
  A cane toad (Lair:1)
  3 kobold demonologists (D:9)
  A komodo dragon (Lair:1)
  4 blink frogs (Lair:1)
  Sigmund (D:3)
  21 yaks
  Grum (D:8)
  9 fire elementals (Lair:1)
  A steam dragon (D:7)
  Edmund (D:6)
  2 wargs (D:10)
  3 acid dragons
  3 water moccasins (Lair:1)
  5 orc warriors
  2 sky beasts
  2 black bears
  An ice beast (D:4)
  3 ogres
  A centaur (D:9)
  4 wolves (D:8)
  3 phantoms
  2 kobold brigands
  A scorpion (D:6)
  2 gnoll sergeants (D:9)
  2 necrophages
  5 bullfrogs
  3 howler monkeys
  4 jellies
  7 hounds
  2 gnoll boudas (D:7)
  8 orc priests
  3 iguanas
  14 orc wizards
  Robin (D:3)
  8 mummies (Ossuary)
  16 gnolls
  8 adders
  A shadow imp (D:7)
  A white imp (D:6)
  An ufetubus (D:6)
  A worm (D:3)
  3 dart slugs
  35 orcs
  7 ball pythons
  2 endoplasms
  2 giant cockroaches
  22 goblins
  10 hobgoblins
  7 jackals
  4 quokkas
  5 bats
  2 frilled lizards
  2 gnoll zombies (Ossuary)
  4 hobgoblin zombies (Ossuary)
  14 kobolds
  A kobold zombie (Ossuary)
  An orc zombie (Ossuary)
  4 rats
289 creatures vanquished.

Vanquished Creatures (others)
  An endoplasm (D:1)
  A hobgoblin (D:1)
  A fungus (Lair:1)
  2 plants
5 creatures vanquished.

Grand Total: 294 creatures vanquished

Notes
Turn   | Place    | Note
-------+----------+-------------------------------------------
     0 | D:1      | qw the Troll Cinder Acolyte began the quest for the Orb.
     0 | D:1      | Reached XP level 1. HP: 22/22 MP: 1/1
     0 | D:1      | 0 ||| qw: Version: 0.1-a-97-g2dd2ca4
     0 | D:1      | 0 ||| qw: Game counter: 4757
     0 | D:1      | 0 ||| qw: Always use a shield: true
     0 | D:1      | 0 ||| qw: God list: Okawaru
     0 | D:1      | 0 ||| qw: Allow faded altars: false
     0 | D:1      | 0 ||| qw: Do Orc after D:15 true
     0 | D:1      | 0 ||| qw: Do second Lair branch before Depths: true
     0 | D:1      | 0 ||| qw: Lair rune preference: random
     0 | D:1      | 0 ||| qw: Plans: Normal
     0 | D:1      | 0 ||| PLANNING D:1-11
   105 | D:1      | 105 ||| Stepping ~*~*~tactically~*~*~ (stealth).
   157 | D:1      | Reached XP level 2. HP: 29/29 MP: 2/2
   163 | D:1      | 163 ||| Stepping ~*~*~tactically~*~*~ (hiding).
   360 | D:1      | 360 ||| Stepping ~*~*~tactically~*~*~ (outnumbered).
   491 | D:1      | Reached skill level 4 in Unarmed Combat
   597 | D:1      | 597 ||| Stepping ~*~*~tactically~*~*~ (stealth).
   608 | D:1      | 608 ||| Stepping ~*~*~tactically~*~*~ (stealth).
   609 | D:1      | 609 ||| Stepping ~*~*~tactically~*~*~ (stealth).
   614 | D:1      | 614 ||| Stepping ~*~*~tactically~*~*~ (stealth).
   747 | D:1      | 747 ||| UPGRADING to +4 ring of evasion.
   748 | D:1      | 748 ||| READING 3 scrolls labelled VUG WYANUIFEA.
   752 | D:1      | 752 ||| DRINKING 2 white potions.
   770 | D:2      | Reached XP level 3. HP: 31/34 MP: 3/3
   772 | D:2      | 772 ||| Stepping ~*~*~tactically~*~*~ (stealth).
   804 | D:2      | Found a bloodstained altar of Trog.
   904 | D:2      | Found a runed translucent door.
   905 | D:2      | Noticed Crazy Yiuf
  1535 | D:2      | 1535 ||| UPGRADING to amulet of regeneration.
  1540 | D:2      | 1540 ||| READING scroll labelled SEZOSU IRE.
  1541 | D:2      | 1541 ||| READING 3 scrolls labelled EMESUN IXZOVAMP.
  1542 | D:2      | 1542 ||| READING scroll labelled XACROKHAHEP.
  1543 | D:2      | 1543 ||| READING 2 scrolls of identify.
  1543 | D:2      | 1543 ||| IDENTIFYING metallic purple potion
  1544 | D:2      | 1544 ||| DROPPING potion of flight.
  1545 | D:2      | 1545 ||| READING 2 scrolls of teleportation.
  1625 | D:3      | 1625 ||| Stepping ~*~*~tactically~*~*~ (stealth).
  1627 | D:3      | 1627 ||| Stepping ~*~*~tactically~*~*~ (stealth).
  1628 | D:3      | 1628 ||| Stepping ~*~*~tactically~*~*~ (stealth).
  1667 | D:3      | Found a bloodstained altar of Trog.
  1670 | D:3      | Found a glowing golden altar of the Shining One.
  1673 | D:3      | Found a broken altar of Ashenzari.
  1676 | D:3      | Found an ancient bone altar of Kikubaaqudgha.
  1759 | D:3      | Noticed Sigmund
  1760 | D:3      | 1760 ||| DRINKING potion of curing.
  1760 | D:3      | 1760 ||| (to cure confusion)
  1783 | D:3      | Killed Sigmund
  1784 | D:3      | Reached skill level 6 in Unarmed Combat
  1784 | D:3      | Reached XP level 4. HP: 38/44 MP: 4/4
  1784 | D:3      | Reached XP level 5. HP: 44/50 MP: 5/5
  1915 | D:3      | Found a faded altar of an unknown god.
  2037 | D:3      | 2037 ||| Stepping ~*~*~tactically~*~*~ (outnumbered).
  2038 | D:3      | 2038 ||| Stepping ~*~*~tactically~*~*~ (outnumbered).
  2039 | D:3      | 2039 ||| Stepping ~*~*~tactically~*~*~ (outnumbered).
  2040 | D:3      | 2040 ||| Stepping ~*~*~tactically~*~*~ (outnumbered).
  2061 | D:3      | 2061 ||| Stepping ~*~*~tactically~*~*~ (stealth).
  2062 | D:3      | 2062 ||| Stepping ~*~*~tactically~*~*~ (stealth).
  2064 | D:3      | 2064 ||| Stepping ~*~*~tactically~*~*~ (hiding).
  2102 | D:3      | 2102 ||| INVOKING Fiery Armour.
  2103 | D:3      | Identified the -1 helmet of Nemelex Xobeh's Esteem {rElec
                  | Will+ Dex+3}
  2103 | D:3      | Noticed Robin
  2104 | D:3      | 2104 ||| Stepping ~*~*~tactically~*~*~ (hiding).
  2105 | D:3      | 2105 ||| Stepping ~*~*~tactically~*~*~ (hiding).
  2113 | D:3      | 2113 ||| Stepping ~*~*~tactically~*~*~ (outnumbered).
  2114 | D:3      | 2114 ||| Stepping ~*~*~tactically~*~*~ (outnumbered).
  2115 | D:3      | 2115 ||| Stepping ~*~*~tactically~*~*~ (outnumbered).
  2116 | D:3      | 2116 ||| Stepping ~*~*~tactically~*~*~ (outnumbered).
  2117 | D:3      | 2117 ||| Stepping ~*~*~tactically~*~*~ (outnumbered).
  2118 | D:3      | 2118 ||| Stepping ~*~*~tactically~*~*~ (outnumbered).
  2123 | D:3      | 2123 ||| Stepping ~*~*~tactically~*~*~ (outnumbered).
  2125 | D:3      | 2125 ||| Stepping ~*~*~tactically~*~*~ (outnumbered).
  2129 | D:3      | Killed Robin
  2311 | D:3      | Reached XP level 6. HP: 59/59 MP: 6/6
  2399 | D:3      | 2399 ||| DROPPING ring of wizardry.
  2400 | D:3      | 2400 ||| READING scroll labelled USKUDOS UNNI.
  2401 | D:3      | 2401 ||| READING scroll labelled YZASSYOROTA.
  2502 | D:3      | 2502 ||| READING scroll labelled ZIBROTT BIWN.
  2503 | D:3      | 2503 ||| DRINKING 2 fizzy silvery potions.
  2504 | D:3      | 2504 ||| READING 2 scrolls of identify.
  2504 | D:3      | 2504 ||| IDENTIFYING red potion
  2690 | D:4      | 2690 ||| INVOKING Fiery Armour.
  2699 | D:4      | Reached skill level 7 in Unarmed Combat
  2759 | D:4      | Noticed an ice beast
  2771 | D:4      | Killed an ice beast
  2794 | D:4      | Reached skill level 8 in Unarmed Combat
  2794 | D:4      | Reached XP level 7. HP: 60/66 MP: 7/7
  2906 | D:4      | Reached skill level 1 in Throwing
  2944 | D:4      | 2944 ||| Stepping ~*~*~tactically~*~*~ (stealth).
  2949 | D:4      | 2949 ||| Stepping ~*~*~tactically~*~*~ (stealth).
  2952 | D:4      | 2952 ||| Stepping ~*~*~tactically~*~*~ (stealth).
  2965 | D:4      | Reached skill level 3 in Fighting
  3244 | D:4      | 3244 ||| Stepping ~*~*~tactically~*~*~ (stealth).
  3308 | D:4      | 3308 ||| UPGRADING to ring of protection from cold.
  3309 | D:4      | 3309 ||| READING scroll labelled LUJEAW ITUBBO.
  3345 | D:5      | Entered Level 5 of the Dungeon
  3346 | D:5      | 3346 ||| PLANNING OSSUARY
  3346 | D:5      | 3346 ||| STAIRDANCE
  3365 | D:5      | 3365 ||| STAIRDANCE
  3367 | D:4      | 3367 ||| INVOKING Fiery Armour.
  3378 | D:5      | Reached skill level 9 in Unarmed Combat
  3642 | D:5      | Reached XP level 8. HP: 75/75 MP: 8/8
  3738 | D:5      | Found a staircase to the Ecumenical Temple.
  3820 | D:5      | Found a sand-covered staircase.
  3821 | D:5      | 3821 ||| READING 2 scrolls of identify.
  3821 | D:5      | 3821 ||| IDENTIFYING yellow potion
  3822 | D:5      | 3822 ||| DROPPING potion of degeneration.
  3828 | Ossuary  | Entered an ossuary
  3833 | Ossuary  | Reached skill level 1 in Dodging
  3835 | Ossuary  | 3835 ||| INVOKING Fiery Armour.
  3836 | Ossuary  | 3836 ||| Stepping ~*~*~tactically~*~*~ (outnumbered).
  3837 | Ossuary  | 3837 ||| Stepping ~*~*~tactically~*~*~ (outnumbered).
  3887 | Ossuary  | 3887 ||| Stepping ~*~*~tactically~*~*~ (outnumbered).
  3889 | Ossuary  | 3889 ||| Stepping ~*~*~tactically~*~*~ (outnumbered).
  3891 | Ossuary  | 3891 ||| Stepping ~*~*~tactically~*~*~ (outnumbered).
  4063 | Ossuary  | 4063 ||| READING scroll labelled OCKOULL TUNU.
  4064 | Ossuary  | 4064 ||| READING scroll labelled BANKAETHRIP.
  4065 | Ossuary  | 4065 ||| READING scroll labelled GYSOCVUEZA.
  4066 | Ossuary  | 4066 ||| READING scroll labelled NANGAFF FUIDETS.
  4067 | Ossuary  | 4067 ||| DRINKING 2 lumpy golden potions.
  4068 | Ossuary  | 4068 ||| DRINKING 2 smoky puce potions.
  4069 | Ossuary  | 4069 ||| DROPPING potion of attraction.
  4070 | Ossuary  | 4070 ||| DROPPING potion of magic.
  4090 | D:5      | 4090 ||| PLANNING D:1-11
  4257 | D:6      | Noticed Edmund
  4258 | D:6      | 4258 ||| STAIRDANCE
  4280 | D:6      | 4280 ||| Stepping ~*~*~tactically~*~*~ (outnumbered).
  4281 | D:6      | 4281 ||| Stepping ~*~*~tactically~*~*~ (outnumbered).
  4282 | D:6      | 4282 ||| Stepping ~*~*~tactically~*~*~ (outnumbered).
  4286 | D:6      | 4286 ||| INVOKING Fiery Armour.
  4288 | D:6      | Killed Edmund
  4377 | D:6      | Reached skill level 10 in Unarmed Combat
  4465 | D:6      | 4465 ||| Stepping ~*~*~tactically~*~*~ (stealth).
  4466 | D:6      | 4466 ||| Stepping ~*~*~tactically~*~*~ (stealth).
  4518 | D:6      | 4518 ||| Stepping ~*~*~tactically~*~*~ (hiding).
  4579 | D:6      | Found a sparkling altar of Nemelex Xobeh.
  4621 | D:6      | 4621 ||| Stepping ~*~*~tactically~*~*~ (outnumbered).
  4623 | D:6      | 4623 ||| Stepping ~*~*~tactically~*~*~ (outnumbered).
  4627 | D:6      | 4627 ||| DRINKING 4 potions of curing.
  4627 | D:6      | 4627 ||| (to cure confusion)
  4646 | D:6      | 4646 ||| DRINKING 3 potions of curing.
  4646 | D:6      | 4646 ||| (to cure confusion)
  4779 | D:6      | 4779 ||| Stepping ~*~*~tactically~*~*~ (hiding).
  4788 | D:6      | 4788 ||| Stepping ~*~*~tactically~*~*~ (stealth).
  4924 | D:6      | 4924 ||| Stepping ~*~*~tactically~*~*~ (hiding).
  4926 | D:6      | 4926 ||| Stepping ~*~*~tactically~*~*~ (outnumbered).
  4928 | D:6      | 4928 ||| INVOKING Fiery Armour.
  4931 | D:6      | Reached skill level 11 in Unarmed Combat
  4933 | D:6      | Reached XP level 9. HP: 72/84 MP: 9/9
  4937 | D:6      | Reached skill level 3 in Throwing
  4943 | D:6      | Noticed Maggie
  4944 | D:6      | 4944 ||| Stepping ~*~*~tactically~*~*~ (hiding).
  4957 | D:6      | Killed Maggie
  5106 | D:6      | 5106 ||| UPGRADING to +0 steam dragon scales.
  5116 | D:6      | 5116 ||| DROPPING +0 robe.
  5117 | D:6      | 5117 ||| DROPPING amulet of guardian spirit.
  5118 | D:6      | 5118 ||| DROPPING amulet of the acrobat.
  5119 | D:6      | 5119 ||| DRINKING 2 ruby potions.
  5119 | D:6      | Gained mutation: You are covered in thick fur. (AC +2)
                  | [potion of mutation]
  5119 | D:6      | Gained mutation: You are robust. (+10% HP) [potion of
                  | mutation]
  5119 | D:6      | Lost mutation: You are robust. (+10% HP) [potion of
                  | mutation]
  5119 | D:6      | Gained mutation: You are partially covered in iridescent
                  | scales. (AC +2) [potion of mutation]
  5120 | D:6      | 5120 ||| READING 3 scrolls of identify.
  5120 | D:6      | 5120 ||| IDENTIFYING cyan potion
  5121 | D:6      | 5121 ||| READING 2 scrolls of identify.
  5121 | D:6      | 5121 ||| IDENTIFYING bubbling grey potion
  5122 | D:6      | 5122 ||| DROPPING potion of lignification.
  5123 | D:6      | 5123 ||| DROPPING potion of brilliance.
  5182 | D:7      | Identified the +5 hand crossbow of Kindness {flame, rF++
                  | Will+ Str+4}
  5237 | D:7      | Reached skill level 1 in Armour
  5243 | D:7      | Found an ornate altar of the Wu Jian Council.
  5243 | D:7      | Found an opulent altar of Gozag.
  5318 | D:7      | 5318 ||| Stepping ~*~*~tactically~*~*~ (outnumbered).
  5320 | D:7      | 5320 ||| Stepping ~*~*~tactically~*~*~ (outnumbered).
  5321 | D:7      | 5321 ||| Stepping ~*~*~tactically~*~*~ (outnumbered).
  5322 | D:7      | 5322 ||| Stepping ~*~*~tactically~*~*~ (outnumbered).
  5323 | D:7      | 5323 ||| Stepping ~*~*~tactically~*~*~ (outnumbered).
  5324 | D:7      | 5324 ||| Stepping ~*~*~tactically~*~*~ (outnumbered).
  5359 | D:7      | Reached skill level 12 in Unarmed Combat
  5479 | D:7      | 5479 ||| INVOKING Fiery Armour.
  5481 | D:7      | 5481 ||| Stepping ~*~*~tactically~*~*~ (outnumbered).
  5482 | D:7      | 5482 ||| Stepping ~*~*~tactically~*~*~ (outnumbered).
  5978 | D:7      | 5978 ||| Stepping ~*~*~tactically~*~*~ (stealth).
  5983 | D:7      | 5983 ||| Stepping ~*~*~tactically~*~*~ (stealth).
  5984 | D:7      | 5984 ||| Stepping ~*~*~tactically~*~*~ (stealth).
  5985 | D:7      | 5985 ||| Stepping ~*~*~tactically~*~*~ (stealth).
  5986 | D:7      | 5986 ||| Stepping ~*~*~tactically~*~*~ (stealth).
  5988 | D:7      | 5988 ||| Stepping ~*~*~tactically~*~*~ (outnumbered).
  5989 | D:7      | 5989 ||| Stepping ~*~*~tactically~*~*~ (outnumbered).
  5990 | D:7      | 5990 ||| Stepping ~*~*~tactically~*~*~ (outnumbered).
  5991 | D:7      | 5991 ||| Stepping ~*~*~tactically~*~*~ (outnumbered).
  5993 | D:7      | 5993 ||| Stepping ~*~*~tactically~*~*~ (outnumbered).
  5997 | D:7      | 5997 ||| Stepping ~*~*~tactically~*~*~ (outnumbered).
  5998 | D:7      | 5998 ||| Stepping ~*~*~tactically~*~*~ (outnumbered).
  6339 | D:7      | 6339 ||| READING scroll labelled TANLOAMUTT.
  6365 | D:8      | 6365 ||| STAIRDANCE
  6448 | D:8      | 6448 ||| Stepping ~*~*~tactically~*~*~ (hiding).
  6459 | D:8      | 6459 ||| Stepping ~*~*~tactically~*~*~ (outnumbered).
  6465 | D:8      | 6465 ||| Stepping ~*~*~tactically~*~*~ (stealth).
  6467 | D:8      | 6467 ||| Stepping ~*~*~tactically~*~*~ (stealth).
  6477 | D:8      | Noticed Grum
  6478 | D:8      | 6478 ||| INVOKING Fiery Armour.
  6488 | D:8      | Killed Grum
  6489 | D:8      | Reached XP level 10. HP: 71/96 MP: 10/10
  6537 | D:8      | 6537 ||| Stepping ~*~*~tactically~*~*~ (stealth).
  6543 | D:8      | Reached skill level 13 in Unarmed Combat
  6548 | D:8      | 6548 ||| Stepping ~*~*~tactically~*~*~ (stealth).
  6557 | D:8      | 6557 ||| READING scroll of enchant armour.
  6557 | D:8      | 6557 ||| ENCHANTING +0 steam dragon scales.
  6692 | D:8      | 6692 ||| Stepping ~*~*~tactically~*~*~ (stealth).
  6694 | D:8      | 6694 ||| INVOKING Fiery Armour.
  6708 | D:8      | 6708 ||| Stepping ~*~*~tactically~*~*~ (outnumbered).
  6713 | D:8      | 6713 ||| Stepping ~*~*~tactically~*~*~ (outnumbered).
  6714 | D:8      | 6714 ||| Stepping ~*~*~tactically~*~*~ (outnumbered).
  6992 | D:8      | 6992 ||| UPGRADING to amulet of reflection.
  7002 | D:8      | 7002 ||| DROPPING amulet of regeneration.
  7003 | D:8      | 7003 ||| READING 2 scrolls of identify.
  7003 | D:8      | 7003 ||| IDENTIFYING golden potion
  7004 | D:8      | 7004 ||| DROPPING potion of berserk rage.
  7085 | D:9      | 7085 ||| Stepping ~*~*~tactically~*~*~ (hiding).
  7086 | D:9      | 7086 ||| Stepping ~*~*~tactically~*~*~ (hiding).
  7087 | D:9      | 7087 ||| Stepping ~*~*~tactically~*~*~ (hiding).
  7088 | D:9      | 7088 ||| Stepping ~*~*~tactically~*~*~ (hiding).
  7428 | D:9      | 7428 ||| Stepping ~*~*~tactically~*~*~ (stealth).
  7434 | D:9      | 7434 ||| Stepping ~*~*~tactically~*~*~ (stealth).
  7435 | D:9      | 7435 ||| Stepping ~*~*~tactically~*~*~ (hiding).
  7438 | D:9      | 7438 ||| INVOKING Fiery Armour.
  7439 | D:9      | 7439 ||| Stepping ~*~*~tactically~*~*~ (hiding).
  7446 | D:9      | 7446 ||| Stepping ~*~*~tactically~*~*~ (outnumbered).
  7448 | D:9      | 7448 ||| Stepping ~*~*~tactically~*~*~ (hiding).
  7451 | D:9      | Noticed an orange demon
  7451 | D:9      | 7451 ||| Stepping ~*~*~tactically~*~*~ (outnumbered).
  7452 | D:9      | 7452 ||| Stepping ~*~*~tactically~*~*~ (outnumbered).
  7454 | D:9      | 7454 ||| Stepping ~*~*~tactically~*~*~ (outnumbered).
  7456 | D:9      | 7456 ||| Stepping ~*~*~tactically~*~*~ (outnumbered).
  7460 | D:9      | 7460 ||| Stepping ~*~*~tactically~*~*~ (outnumbered).
  7460 | D:9      | Noticed a smoke demon
  7461 | D:9      | 7461 ||| Stepping ~*~*~tactically~*~*~ (outnumbered).
  7462 | D:9      | 7462 ||| Stepping ~*~*~tactically~*~*~ (outnumbered).
  7466 | D:9      | 7466 ||| Stepping ~*~*~tactically~*~*~ (outnumbered).
  7471 | D:9      | Reached skill level 14 in Unarmed Combat
  7475 | D:9      | Noticed a rust devil
  7577 | D:9      | 7577 ||| INVOKING Fiery Armour.
  7634 | D:9      | 7634 ||| Stepping ~*~*~tactically~*~*~ (hiding).
  7635 | D:9      | 7635 ||| Stepping ~*~*~tactically~*~*~ (hiding).
  7957 | D:9      | 7957 ||| UPGRADING to +2 kite shield.
  7965 | D:10     | Entered Level 10 of the Dungeon
  8004 | D:10     | Reached skill level 1 in Shields
  8014 | D:10     | Found a staircase to the Lair.
  8015 | D:10     | 8015 ||| Stepping ~*~*~tactically~*~*~ (hiding).
  8030 | D:10     | 8030 ||| Stepping ~*~*~tactically~*~*~ (hiding).
  8151 | D:10     | Identified the +10 spear "Urik" {antimagic, rCorr}
  8191 | D:10     | Found a runed translucent gate.
  8198 | D:10     | Found a runed translucent gate.
  8199 | D:10     | Found a runed translucent gate.
  8209 | D:10     | Noticed qw's ghost (journeyman TrCA)
  8245 | D:10     | Noticed a two-headed ogre
  8252 | D:10     | Killed a two-headed ogre
  8300 | D:10     | 8300 ||| Stepping ~*~*~tactically~*~*~ (hiding).
  8546 | D:10     | 8546 ||| Stepping ~*~*~tactically~*~*~ (stealth).
  8564 | D:10     | 8564 ||| Stepping ~*~*~tactically~*~*~ (hiding).
  8567 | D:10     | 8567 ||| Stepping ~*~*~tactically~*~*~ (hiding).
  9187 | D:10     | 9187 ||| UPGRADING to +0 acid dragon scales.
  9197 | D:10     | 9197 ||| PLANNING LAIR
  9197 | D:10     | 9197 ||| DROPPING +1 steam dragon scales.
  9198 | D:10     | 9198 ||| READING 2 scrolls labelled ADIEXA XESOLIVEO.
  9199 | D:10     | 9199 ||| READING 2 scrolls of identify.
  9199 | D:10     | 9199 ||| IDENTIFYING orange potion
  9200 | D:10     | 9200 ||| DROPPING scroll of fear.
  9235 | Lair:1   | Entered Level 1 of the Lair of Beasts
  9272 | Lair:1   | Noticed a cane toad
  9275 | Lair:1   | 9275 ||| INVOKING Fiery Armour.
  9277 | Lair:1   | Reached XP level 11. HP: 105/105 MP: 11/11
  9283 | Lair:1   | 9283 ||| Stepping ~*~*~tactically~*~*~ (outnumbered).
  9284 | Lair:1   | 9284 ||| Stepping ~*~*~tactically~*~*~ (outnumbered).
  9286 | Lair:1   | 9286 ||| Stepping ~*~*~tactically~*~*~ (outnumbered).
  9287 | Lair:1   | 9287 ||| Stepping ~*~*~tactically~*~*~ (outnumbered).
  9288 | Lair:1   | 9288 ||| Stepping ~*~*~tactically~*~*~ (outnumbered).
  9290 | Lair:1   | 9290 ||| Stepping ~*~*~tactically~*~*~ (outnumbered).
  9291 | Lair:1   | 9291 ||| Stepping ~*~*~tactically~*~*~ (outnumbered).
  9292 | Lair:1   | 9292 ||| Stepping ~*~*~tactically~*~*~ (outnumbered).
  9293 | Lair:1   | 9293 ||| Stepping ~*~*~tactically~*~*~ (outnumbered).
  9295 | Lair:1   | 9295 ||| Stepping ~*~*~tactically~*~*~ (outnumbered).
  9311 | Lair:1   | Reached skill level 6 in Shields
  9374 | Lair:1   | Noticed an oklob plant
  9375 | Lair:1   | 9375 ||| INVOKING Fiery Armour.
  9422 | Lair:1   | Found a dark tunnel.
  9423 | Lair:1   | 9423 ||| PLANNING TEMPLE
  9423 | Lair:1   | 9423 ||| READING 2 scrolls of identify.
  9423 | Lair:1   | 9423 ||| IDENTIFYING puce potion
  9578 | Temple   | Entered the Ecumenical Temple
  9579 | Temple   | 9579 ||| PLANNING CONVERSION TO OKAWARU
  9585 | Temple   | Fell from the grace of Ignis
  9585 | Temple   | Became a worshipper of Warmaster Okawaru
  9586 | Temple   | 9586 ||| PLANNING LAIR
  9761 | Lair:1   | 9761 ||| Stepping ~*~*~tactically~*~*~ (outnumbered).
  9762 | Lair:1   | 9762 ||| Stepping ~*~*~tactically~*~*~ (outnumbered).
  9763 | Lair:1   | 9763 ||| Stepping ~*~*~tactically~*~*~ (outnumbered).
  9764 | Lair:1   | 9764 ||| Stepping ~*~*~tactically~*~*~ (outnumbered).
  9765 | Lair:1   | 9765 ||| Stepping ~*~*~tactically~*~*~ (outnumbered).
  9766 | Lair:1   | 9766 ||| Stepping ~*~*~tactically~*~*~ (outnumbered).
  9767 | Lair:1   | 9767 ||| Stepping ~*~*~tactically~*~*~ (outnumbered).
  9768 | Lair:1   | 9768 ||| Stepping ~*~*~tactically~*~*~ (outnumbered).
  9769 | Lair:1   | 9769 ||| Stepping ~*~*~tactically~*~*~ (outnumbered).
  9770 | Lair:1   | 9770 ||| Stepping ~*~*~tactically~*~*~ (outnumbered).
  9771 | Lair:1   | 9771 ||| Stepping ~*~*~tactically~*~*~ (outnumbered).
  9772 | Lair:1   | 9772 ||| Stepping ~*~*~tactically~*~*~ (outnumbered).
  9782 | Lair:1   | 9782 ||| Stepping ~*~*~tactically~*~*~ (outnumbered).
  9783 | Lair:1   | 9783 ||| Stepping ~*~*~tactically~*~*~ (outnumbered).
  9784 | Lair:1   | 9784 ||| Stepping ~*~*~tactically~*~*~ (outnumbered).
  9785 | Lair:1   | 9785 ||| Stepping ~*~*~tactically~*~*~ (outnumbered).
  9786 | Lair:1   | 9786 ||| Stepping ~*~*~tactically~*~*~ (outnumbered).
  9787 | Lair:1   | 9787 ||| Stepping ~*~*~tactically~*~*~ (outnumbered).
  9788 | Lair:1   | 9788 ||| Stepping ~*~*~tactically~*~*~ (outnumbered).
  9994 | Lair:1   | 9994 ||| Stepping ~*~*~tactically~*~*~ (stealth).
 10009 | Lair:1   | Reached * piety under Okawaru
 10010 | Lair:1   | 10010 ||| INVOKING Heroism.
 10011 | Lair:1   | 10011 ||| INVOKING Heroism.
 10018 | Lair:1   | Reached skill level 1 in Invocations
 10023 | Lair:1   | 10023 ||| INVOKING Heroism.
 10031 | Lair:1   | 10031 ||| Stepping ~*~*~tactically~*~*~ (stealth).
 10036 | Lair:1   | 10036 ||| INVOKING Heroism.
 10037 | Lair:1   | 10037 ||| Stepping ~*~*~tactically~*~*~ (stealth).
 10041 | Lair:1   | 10041 ||| Stepping ~*~*~tactically~*~*~ (stealth).
 10283 | Lair:1   | 10283 ||| INVOKING Heroism.
 10520 | Lair:1   | Identified the +0 robe of Qewaush {rElec rN+ Int-3 Dex+3}
 10678 | Lair:1   | 10678 ||| DROPPING +0 robe of Qewaush {rElec rN+ Int-3
                  | Dex+3}.
 10703 | Lair:2   | Noticed a six-headed hydra
 10704 | Lair:2   | 10704 ||| INVOKING Heroism.
 10706 | Lair:2   | 10706 ||| STAIRDANCE
 10727 | Lair:2   | 10727 ||| STAIRDANCE
 10729 | Lair:1   | 10729 ||| INVOKING Heroism.
 10733 | Lair:1   | HP: 17/105 [ten-headed hydra (12)]
 10734 | Lair:1   | 10734 ||| READING 7 scrolls of teleportation.
 10734 | Lair:1   | HP: 6/105 [ten-headed hydra (6)]
 10734 | Lair:1   | HP: 1/105 [ten-headed hydra (5)]
 10734 | Lair:1   | Mangled by a ten-headed hydra

Levels and vault maps discovered:
D:1:      minmay_arrival_up_and_down, layout_loops_cross, lemuel_flame_loot_1
D:2:      cheibrodos_old_hovel, layout_loops_ring, basic_altar,
          uniq_crazy_yiuf_cottage
D:3:      kennysheep_goblin_castle, layout_rooms,
          grunt_temple_overflow_cloverleaf, ebering_ecumenical_altar_abandoned,
          uniq_sigmund
D:4:      layout_basic
D:5:      layout_loops_cross, minmay_temple_entry_mist,
          nicolae_ossuary_entry_plus
D:6:      layout_loops_ring, nemelex_dance_club_becter, grunt_ministairs_7,
          uniq_maggie, uniq_edmund
D:7:      layout_layer_cave, jmf_multi_god_temple
D:8:      layout_rooms, hangedman_decor_riveting, kennysheep_small_circle,
          uniq_grum
D:9:      layout_stronghold, hangedman_abyss_or_decor_stabs
D:10:     layout_layer_cave, erik_lair_orcish_takeover,
          biasface_ghost_orc_armoury
Temple:   regret_index_temple_waves
Lair:1:   layout_cave_pods, lightli_volcano_entry_magma_tube,
          minmay_lair_oklob_items, grunt_megastairs_4
Lair:2:   layout_regular_city, skrybe_swamp_entry_bodies,
          minmay_snake_entry_guardpost_medium, gammafunk_ghost_grave,
          lemuel_fruit_tree

Skill      XL: |  1  2  3  4  5  6  7  8  9 10 11 |
---------------+----------------------------------+-----
Unarmed Combat | 4 6 8 9 11 12 14 | 14.0
Throwing       | 2 3 |  3.3
Fighting       | 3 4 5 |  5.9
Dodging        | 1 |  1.0
Armour         | 1 |  1.2
Shields        | 5 8 |  8.0
Invocations    | 2 |  2.2
Spellcasting   | |  1.0
Fire Magic     | |  2.1

Action                   |  1- 3 |  4- 6 |  7- 9 | 10-12 || total
-------------------------+-------+-------+-------+-------++-------
Melee: Unarmed           |   104 |    68 |   310 |   263 ||   745
       Punch             |     2 |     4 |     9 |     6 ||    21
Throw: Javelin           |       |       |    56 |    15 ||    71
       Large rock        |       |       |       |    11 ||    11
Invok: Fiery Armour      |       |     2 |     6 |     5 ||    13
       Heroism           |       |       |       |     6 ||     6
  Use: Scroll            |     6 |     4 |     9 |     6 ||    25
       Potion            |     2 |     1 |     5 |       ||     8
Armor: Robe              |    18 |    19 |    35 |       ||    72
       Steam dragon scal |       |       |    33 |    54 ||    87
       Acid dragon scale |       |       |       |    38 ||    38
Dodge: Dodged            |    30 |    31 |   163 |   116 ||   340
Block: Kite shield       |       |       |       |   119 ||   119
       Other             |       |       |       |    20 ||    20
       Reflection        |       |       |       |     3 ||     3

Table legend:
 A = Non-vault XP
 B = Vault XP
 C = Vault XP percentage of total XP
 D = Non-vault monster count
 E = Vault monster count
 F = Vault count percentage of total count
                 A         B        C        D         E       F
            +---------+---------+-------+---------+---------+-------
      Total |   13091 |    3324 |  20.2 |     216 |      64 |  22.9
            +---------+---------+-------+---------+---------+-------
        D:1 |      38 |       0 |   0.0 |      22 |       0 |   0.0
        D:2 |      34 |       2 |   5.6 |      13 |       1 |   7.1
        D:3 |      38 |     283 |  88.2 |      13 |      22 |  62.9
        D:4 |     926 |       0 |   0.0 |      27 |       0 |   0.0
        D:5 |     148 |      42 |  22.1 |       8 |       1 |  11.1
        D:6 |    1075 |     740 |  40.8 |      26 |       5 |  16.1
        D:7 |    1114 |     281 |  20.1 |      28 |       2 |   6.7
        D:8 |    1277 |     771 |  37.6 |      18 |       7 |  28.0
        D:9 |    1546 |       0 |   0.0 |      20 |       0 |   0.0
       D:10 |    1449 |     572 |  28.3 |      14 |       8 |  36.4
     Lair:1 |    5446 |     479 |   8.1 |      27 |       2 |   6.9
    Ossuary |       0 |     154 | 100.0 |       0 |      16 | 100.0
            +---------+---------+-------+---------+---------+-------
